 Dungeon Crawl Stone Soup version 0.29-a0-121-g8efb068a30 (webtiles) character file.

Game seed: 3894475004513905356

2762 Grim the Cleaver (level 10, -8/70 HPs)
             Began as a Formicid Fighter on Feb 20, 2022.
             Was an Initiate of the Shining One.
             Mangled by a fire elemental (10 damage)
             ... created by the fiery vengeance of Ignis
             ... on level 7 of the Dungeon.
             The game lasted 00:10:37 (7484 turns).

Grim the Cleaver (Formicid Fighter)                 Turns: 7484, Time: 00:10:38

Health: -8/70      AC: 12    Str: 28    XL:     10   Next: 0%
Magic:  10/10      EV:  8    Int: 11    God:    the Shining One [......]
Gold:   304        SH:  4    Dex: 10    Spells: 9/9 levels left

rFire   . . .      SeeInvis +   a - +0 war axe
rCold   + . .      Faith    .   c - +0 buckler
rNeg    . . .      Spirit   .   m - +0 chain mail
rPois   .          Reflect  .   (helmet unavailable)
rElec   .          Harm     .   (no cloak)
rCorr   .          Rampage  .   (no gloves)
Will    +....                   B - +2 pair of boots {Stlth+}
Stlth   ..........              (no amulet)
HPRegen 0.21/turn               b - ring of protection from cold
MPRegen 0.12/turn               k - +6 ring of strength

@: glowing, fire susceptible
A: permanent stasis, dig shafts and tunnels, antennae 3, four strong arms
a: Dig, Shaft Self, Renounce Religion


You were on level 7 of the Dungeon.
You worshipped the Shining One.
The Shining One was noncommittal.
You visited 2 branches of the dungeon, and saw 8 of its levels.

You collected 304 gold pieces.

Inventory:

Hand Weapons
 a - a +0 war axe (weapon)
Missiles
 l - 12 poisoned darts
 p - 3 boomerangs of dispersal
 w - 2 curare-tipped darts
Armour
 c - a +0 buckler (worn)
 m - a +0 chain mail (worn)
 B - a +2 pair of boots of stealth (worn)
Jewellery
 b - a ring of protection from cold (left hand)
 k - a +6 ring of strength (right hand)
 t - a ring of wizardry
Wands
 d - a wand of digging (5)
 q - a wand of charming (22)
 y - a wand of acid (10)
Scrolls
 e - a scroll of amnesia {unknown}
 g - 5 scrolls of teleportation {unknown}
 h - 2 scrolls of fog {unknown}
 j - 2 scrolls of enchant armour {unknown}
 o - 3 scrolls of vulnerability {unknown}
 r - 4 scrolls of identify {unknown}
 s - a scroll of brand weapon {unknown}
 x - 2 scrolls of enchant weapon {unknown}
 z - a scroll of magic mapping {unknown}
Potions
 f - 4 potions of curing
 i - 2 potions of lignification {unknown}
 n - 2 potions of mutation {unknown}
 u - a potion of invisibility {unknown}
 v - 2 potions of resistance {unknown}
 A - a potion of attraction {unknown}


   Skills:
 - Level 3.2 Fighting
 + Level 13.0 Axes
 - Level 3.2 Armour
 - Level 3.6 Shields


You had 9 spell levels left.
You didn't know any spells.
Your spell library contained the following spells:

 Spells                   Type           Power      Damage    Failure   Level
 Animate Skeleton         Necr           0%         N/A       94%         1
 Pain                     Necr           0%         1d4       94%         1
 Ensorcelled Hibernation  Hex/Ice        0%         N/A       98%         2
 Frozen Ramparts          Ice            0%         1d2       100%        3
 Spider Form              Tmut/Pois      0%         N/A       100%        3
 Stone Arrow              Conj/Erth      0%         3d7       100%        3
 Vampiric Draining        Necr           0%         2d6       100%        3
 Anguish                  Hex/Necr       0%         N/A       100%        4
 Animate Armour           Summ/Erth      0%         N/A       100%        4
 Ice Form                 Ice/Tmut       0%         N/A       100%        4
 Summon Ice Beast         Ice/Summ       0%         N/A       100%        4
 Lehudib's Crystal Spear  Conj/Erth      0%         10d2      100%        8


Dungeon Overview and Level Annotations

Branches:
Dungeon (7/15)             Temple (1/1) D:5

Altars:
Cheibriados
Dithmenos
Elyvilon
Fedhas
Hepliaklqana
Kikubaaqudgha
Makhleb
Nemelex Xobeh
Okawaru
Qazlal
Ru
Sif Muna
Trog
Vehumet
Xom
Yredelemnul
Zin
The Shining One
Ignis

Shops:
D:6 :


Innate Abilities, Weirdness & Mutations

You cannot be hasted, slowed, berserked, paralysed or teleported.
You can dig through walls and to a lower floor.
You have a pair of large antennae on your head. (SInv)
Your four strong arms can wield two-handed weapons with a shield.


Message History

You see here a scorpion corpse.
You start resting.
You feel sick. x5
You are no longer poisoned.
You start resting.
You hear the slow hiss of a very distant avalanche of sand.
You start resting.
You hear the slow hiss of a very distant avalanche of sand.
You start resting.
You hear the hiss of a very distant avalanche of sand.
You start resting.
You hear the hiss of a very distant avalanche of sand.
You start resting. "Betrayer!
Apostate!
Perish!"
The divine experience drains your vigour!
Your stasis prevents you from being slowed. 3 fire elementals come into view.
There are monsters nearby!
The fire elemental moves out of view.
The fire elemental barely misses you. The fire elemental hits you.
The fire elemental burns you!
* * * LOW HITPOINT WARNING * * *
You block the fire elemental's attack. You block the fire elemental's attack.
The fire elemental hits you. The fire elemental burns you!
* * * LOW HITPOINT WARNING * * *
Found 14 arrows.
The fire elemental hits you. The fire elemental burns you!
* * * LOW HITPOINT WARNING * * *
Found a trident.
You block the fire elemental's attack. The fire elemental hits you.
The fire elemental burns you!
* * * LOW HITPOINT WARNING * * *
The fire elemental barely misses you. The fire elemental hits you.
The fire elemental burns you!
* * * LOW HITPOINT WARNING * * *
You block the fire elemental's attack.
There is a stone staircase leading up here.
The fire elemental hits you. The fire elemental burns you!
* * * LOW HITPOINT WARNING * * *
The fire elemental hits you. The fire elemental burns you!
You die...

...°{##°°..........#.####
....######...........#..# .
.........##..........#..#.#.
....#..○.###.........#..#...
...###°.○###................
... ###○°##................
... #(.##................
... #...°○°☼E............
... ##...°°○E@..#..###... .
#.).......###...# #.
#...#...#..#....##.
.....#...##...........
###........<...#..##..#
##....#......##.....#
.......##...# .....#
..#.......### #.### ####
..## ##


You could see 2 fire elementals.

Vanquished Creatures
  A shadow (D:6)
  Sigmund (D:3)
  Eustachio (D:5)
  The ghost of ahri the Poker, an amateur MiBe of Trog (D:4)
  A steam dragon (D:6)
  A hornet zombie (D:5)
  A black bear (D:5)
  3 necrophages
  A sky beast (D:6)
  2 ogres
  A centaur (D:6)
  A bullfrog (D:7)
  3 scorpions
  A water moccasin zombie (D:4)
  5 wights (D:5)
  The ghost of Ordine the Conjurer, a weakling DECj (D:5)
  A centaur skeleton (D:6)
  5 hounds
  3 orc priests
  Ijyb (D:3)
  2 gnoll shamans
  Jessica (D:2)
  Terence (D:2)
  An iguana (D:6)
  8 gnolls
  14 adders
  A shadow imp (D:5)
  An adder skeleton (D:4)
  4 dart slugs
  18 orcs
  8 endoplasms
  2 giant cockroaches (D:1)
  7 hobgoblins
  4 quokkas
  5 ball pythons
  4 frilled lizards
  4 goblins
  9 kobolds
  9 rats
138 creatures vanquished.

Vanquished Creatures (others)
  2 demonic plants (D:1)
  42 foxfires
  3 fungi (D:1)
  3 plants (D:3)
50 creatures vanquished.

Grand Total: 188 creatures vanquished

Notes
Turn   | Place    | Note
-------+----------+-------------------------------------------
     0 | D:1      | Grim the Formicid Fighter began the quest for the Orb.
     0 | D:1      | Reached XP level 1. HP: 18/18 MP: 1/1
    42 | D:1      | Reached XP level 2. HP: 18/24 MP: 2/2
   230 | D:1      | Found a faded altar of an unknown god.
   247 | D:1      | Reached skill level 3 in Axes
   255 | D:1      | Prayed at the altar of an unknown god.
   255 | D:1      | Became a worshipper of Ignis, the Dying Flame
   354 | D:1      | Reached XP level 3. HP: 27/29 MP: 3/3
  1069 | D:2      | Reached skill level 4 in Axes
  1069 | D:2      | Reached XP level 4. HP: 30/35 MP: 4/4
  1194 | D:2      | Noticed Jessica
  1204 | D:2      | Killed Jessica
  1205 | D:2      | Reached XP level 5. HP: 41/41 MP: 5/5
  1283 | D:2      | Noticed Terence
  1291 | D:2      | Killed Terence
  1292 | D:2      | Reached skill level 5 in Axes
  1536 | D:3      | Noticed Sigmund
  1553 | D:3      | Killed Sigmund
  1554 | D:3      | Reached skill level 6 in Axes
  1554 | D:3      | Reached XP level 6. HP: 35/47 MP: 6/6
  1720 | D:3      | Noticed Ijyb
  1751 | D:3      | Killed Ijyb
  2294 | D:4      | Found a runed translucent gate.
  2294 | D:4      | Found a runed translucent gate.
  2294 | D:4      | Noticed ahri's ghost (amateur MiBe)
  2295 | D:4      | Found a runed translucent gate.
  2312 | D:4      | Reached XP level 7. HP: 51/52 MP: 7/7
  2323 | D:4      | Reached skill level 7 in Axes
  2673 | D:4      | Killed ahri's ghost
  2674 | D:4      | Reached skill level 8 in Axes
  2682 | D:4      | Reached XP level 8. HP: 44/58 MP: 8/8
  3382 | D:5      | Entered Level 5 of the Dungeon
  3382 | D:5      | Found a runed translucent door.
  3396 | D:5      | Reached skill level 9 in Axes
  3399 | D:5      | Noticed Ordine's ghost (weakling DECj)
  3418 | D:5      | Killed Ordine's ghost
  3817 | D:5      | Noticed Eustachio
  3838 | D:5      | Killed Eustachio
  3839 | D:5      | Reached skill level 10 in Axes
  4090 | D:5      | Identified the +4 trident "Kererr" {venom, Dex+2}
  4581 | D:5      | Reached XP level 9. HP: 64/64 MP: 9/9
  4710 | D:5      | Found a staircase to the Ecumenical Temple.
  5111 | D:5      | Reached skill level 11 in Axes
  5670 | D:6      | Reached skill level 12 in Axes
  6278 | D:6      | Fell from the grace of Ignis
  6327 | Temple   | Entered the Ecumenical Temple
  6532 | Temple   | Became a worshipper of the Shining One
  7134 | D:6      | Found Nydazol's Book Boutique.
  7277 | D:7      | Reached skill level 13 in Axes
  7277 | D:7      | Reached XP level 10. HP: 18/70 MP: 10/10
  7484 | D:7      | HP: 2/70 [fire elemental[the fiery vengeance of Ignis] (9)]
  7484 | D:7      | Mangled by a fire elemental

Illustrated notes

Levels and vault maps discovered:
D:1:      dpeg_arrival_ternary, layout_rooms, shapermc_ecumenical_altar_gd,
          hangedman_abyss_or_decor_lesser_grid
D:2:      minmay_spotlight, layout_rooms, minmay_tromino_v4_c, uniq_jessica,
          uniq_terence
D:3:      layout_basic, serial_forest, infiniplex_forest_clump_cross,
          infiniplex_forest_clump_double, infiniplex_forest_clump_diagonal,
          infiniplex_forest_lined_3, infiniplex_forest_lined_room_2,
          uniq_sigmund, uniq_ijyb
D:4:      layout_basic, gammafunk_ghost_split, interstate_on_off
D:5:      layout_basic, minmay_temple_entry_offerings, ebering_ghost_sewer_d,
          minmay_misc_feat_alley, dk_rats_in_the_wall, uniq_eustachio
D:6:      layout_cave_pods, serial_shops, nicolae_lakefront_shop,
          grunt_ministairs_12
D:7:      layout_cave_pools, grunt_temple_overflow_open, serial_shops,
          nicolae_shop_statue_plus, enter_ossuary_2,
          hangedman_abyss_or_decor_stagger, minmay_large_rounded_square
Temple:   dpeg_five_rooms_temple

Skill      XL: |  1  2  3  4  5  6  7  8  9 |
---------------+----------------------------+-----
Axes           | 3 4 6 8 10 13 | 13.0
Fighting       | |  3.2
Armour         | |  3.2
Shields        | |  3.6

Action                   |  1- 3 |  4- 6 |  7- 9 | 10-12 || total
-------------------------+-------+-------+-------+-------++-------
Melee: War axe           |    71 |   104 |   282 |       ||   457
Invok: Fiery Armour      |     1 |     1 |     7 |       ||     9
       Foxfire Swarm     |       |       |     3 |       ||     3
       Rising Flame      |       |       |     1 |       ||     1
       Renounce Religion |       |       |     1 |       ||     1
  Use: Potion            |       |       |     2 |       ||     2
Armor: Scale mail        |    19 |       |       |       ||    19
       Chain mail        |     5 |    42 |   127 |     7 ||   181
Dodge: Dodged            |    23 |    37 |    93 |     2 ||   155
Block: Buckler           |    15 |    25 |    58 |     4 ||   102

Table legend: (Time is in decaauts)
 A = Elapsed time spent in this place.
 B = Non-inter-level travel time spent in this place.
 C = Inter-level travel time spent in this place.
 D = Time resting spent in this place.
 E = Time spent auto-exploring this place.
 F = Levels seen in this place.
 G = Mean time per level.
                   A        B        C        D        E       F      G
               +--------+--------+--------+--------+--------+-----+--------+
         Total |   7546 |   7160 |    386 |   1435 |   4508 |   8 |  943.2 |
       Dungeon |   7266 |   6918 |    348 |   1435 |   4313 |   7 | 1038.0 |
        Temple |    279 |    242 |     37 |      0 |    195 |   1 |  279.0 |
               +--------+--------+--------+--------+--------+-----+--------+

Top non-repeatable levels by time:
     D:5: 1975 daAuts
     D:6: 1598 daAuts
     D:4: 990 daAuts
     D:3: 969 daAuts
     D:2: 814 daAuts
     D:1: 667 daAuts
  Temple: 279 daAuts
     D:7: 250 daAuts
